 Dungeon Crawl Stone Soup version 0.30-a0-862-g1aabd4f9c5 (webtiles) character file.

Game seed: 7762133305195110397

190 ragingrage the Digger (level 5, -1/45 HPs)
             Began as an Ogre Earth Elementalist on Mar 9, 2023.
             Slain by Blork the orc
             ... wielding a +0 dire flail
              (12 damage)
             ... on level 4 of the Dungeon.
             The game lasted 00:02:21 (2804 turns).

ragingrage the Digger (Ogre Earth Elementalist)     Turns: 2804, Time: 00:02:22

Health: -1/45      AC:  4    Str: 12    XL:     5   Next: 69%
Magic:  15/17      EV:  9    Int: 20    God:
Gold:   30         SH:  0    Dex:  9    Spells: 2/8 levels left

rFire   . . .      SeeInvis .    u - +5 dagger of Tumult {venom, Fly Int+2}
rCold   . . .      Faith    .    (no shield)
rNeg    . . .      Spirit   .    a - +0 robe
rPois   .          Reflect  .    k - +1 hat {Will+}
rElec   .          Rampage  .    (no cloak)
rCorr   .                        (gloves unavailable)
Will    +....                    (boots unavailable)
Stlth   ++                       (no amulet)
HPRegen 0.27/turn                r - ring of magical power
MPRegen 0.15/turn                (no ring)

@: mighty, flying
A: large, unfitting armour, tough skin 1
a: no special abilities


You were on level 4 of the Dungeon.
You visited 1 branch of the dungeon, and saw 4 of its levels.

You collected 184 gold pieces.
You spent 154 gold pieces at shops.

Inventory:

Hand Weapons
 u - the +5 dagger of Tumult (weapon) {venom, Fly Int+2}
   (You bought it in a shop on level 2 of the Dungeon)

   Int:       It affects your intelligence (+2).
   Fly:       It grants you flight.
Missiles
 d - 3 large rocks
Armour
 a - a +0 robe (worn)
 k - a +1 hat of willpower (worn)
Jewellery
 r - a ring of magical power (left hand)
Scrolls
 c - 5 scrolls of teleportation {unknown}
 f - 2 scrolls of blinking {unknown}
 h - a scroll of silence {unknown}
 m - 3 scrolls of identify {unknown}
 n - a scroll of fear {unknown}
 q - a scroll of vulnerability {unknown}
Potions
 b - a potion of magic
 e - 2 potions of might
 g - a potion of degeneration {unknown}
 i - 2 potions of brilliance {unknown}
 l - 2 potions of resistance {unknown}
 o - a potion of flight {unknown}
 s - a potion of curing {unknown}
 t - a potion of haste {unknown}


   Skills:
 - Level 1.7 Dodging
 - Level 2.0 Stealth
 - Level 2.4 Spellcasting
 + Level 2.3 Conjurations
 - Level 0.8 Transmutations
 + Level 4.7 Earth Magic


You had 2 spell levels left.
You knew the following spells:

 Your Spells              Type           Power      Damage    Failure   Level
a - Sandblast             Erth           42%        2d11      2%          1
b - Passwall              Tmut/Erth      10%        N/A       8%          2
c - Stone Arrow           Conj/Erth      32%        3d9       11%         3

Your spell library contained the following spells:

 Spells                   Type           Power      Damage    Failure   Level
 Petrify                  Tmut/Erth      13%        N/A       43%         4


Dungeon Overview and Level Annotations

Branches:
Dungeon (4/15)
 Temple: D:4-7

Altars:
Cheibriados

Shops:
D:2 (   D:3 (

Annotations:
D:3 Robin
D:4 Blork the orc


Innate Abilities, Weirdness & Mutations

You are too large for most types of armour.
You have tough skin. (AC +1)


Message History

The blast of sand hits the hound.
The hound bites you.
An orc comes into view. It is wielding a +0 short sword.
The hound barely misses you.
An orc comes into view. It is wielding a +0 club.
The blast of sand misses the hound.
The orc shouts!
The hound closely misses you. The hound barely misses you.
The blast of sand hits the hound.
You kill the hound!
Blork the orc comes into view.
He is wielding a +0 dire flail.
You barely miss the orc.
The orc hits you with a +1 dagger of venom.
You are poisoned.
You hit the orc.
The orc is poisoned.
You feel very sick.
You kill the orc!
You hit the orc but do no damage.
The orc is poisoned.
You feel sick. The orc closely misses you.
You hit the orc but do no damage.
You feel sick. The orc hits you with a +0 short sword.
You hit the orc but do no damage.
The orc looks as sick as possible!
You feel sick. The orc hits you with a +0 short sword.
You hit the orc.
The orc looks as sick as possible!
You feel sick. The orc hits you with a +0 short sword.
You closely miss the orc.
You feel sick.
You kill the orc!
You hit the orc.
The orc is poisoned.
You feel sick. The orc hits you with a +0 club.
You hit the orc.
The orc looks as sick as possible!
You feel sick.
You are no longer poisoned.
You kill the orc!
Blork the orc gestures at you while chanting.
The puff of flame hits you!
* * * LOW HITPOINT WARNING * * *
You swing at nothing.
It was a potion of might.
You feel very mighty all of a sudden.
An orc comes into view. It is wielding a +0 club.
Blork the orc hits you with a +0 dire flail!
You die...

...#..#..# ##
#.#.....# ...
#..#.##.## ....
##...##..## .....
##..##...#
......##?.##...#
.....o†..####..##
.......#o#
##..#########
...o.#.#@#
#.))).<....# o...
#.#.#
#..........# ...
#.o.#
#..........# ##
##..#
#..........# ####
#..........#
#..........#
#..........#
############


You could see Blork the orc and an orc (wandering).

Vanquished Creatures
  2 hounds (D:4)
  3 gnolls (D:4)
  An adder (D:3)
  2 worms (D:2)
  A dart slug (D:2)
  10 orcs
  4 ball pythons
  3 bats
  6 endoplasms
  A giant cockroach (D:1)
  10 goblins
  7 hobgoblins
  8 kobolds
  5 quokkas
  A frilled lizard (D:1)
  5 rats
69 creatures vanquished.

Vanquished Creatures (others)
  5 fungi (D:2)
  4 plants (D:2)
9 creatures vanquished.

Grand Total: 78 creatures vanquished

Notes
Turn   | Place    | Note
-------+----------+-------------------------------------------
     0 | D:1      | ragingrage the Ogre Earth Elementalist began the quest for
                  | the Orb.
     0 | D:1      | Reached XP level 1. HP: 16/16 MP: 3/3
   263 | D:1      | Reached skill level 3 in Earth Magic
   416 | D:1      | Reached XP level 2. HP: 24/24 MP: 3/5
   603 | D:1      | Learned a level 2 spell: Passwall
   689 | D:1      | Reached XP level 3. HP: 25/31 MP: 2/6
  1125 | D:2      | Found a faded altar of an unknown god.
  1548 | D:2      | Found Xoatutum's Antique Weapon Shop.
  1622 | D:2      | Learned a level 3 spell: Stone Arrow
  1774 | D:3      | Reached XP level 4. HP: 39/39 MP: 3/7
  1824 | D:3      | Reached skill level 4 in Earth Magic
  1922 | D:3      | Reached skill level 1 in Conjurations
  2135 | D:3      | Found a snail-covered altar of Cheibriados.
  2207 | D:3      | Found Nehesen's Weapon Boutique.
  2238 | D:2      | Bought a dazzling dagger for 154 gold pieces
  2238 | D:2      | Identified the +5 dagger of Tumult {venom, Fly Int+2} (You
                  | bought it in a shop on level 2 of the Dungeon)
  2507 | D:3      | Noticed Robin
  2591 | D:4      | Reached XP level 5. HP: 10/45 MP: 8/8
  2791 | D:4      | Noticed Blork the orc
  2804 | D:4      | Slain by Blork the orc

Illustrated notes

Levels and vault maps discovered:
D:1:      dpeg_arrival_round_a, layout_basic, minmay_misc_feat_cross
D:2:      layout_rooms, serial_shops, nicolae_shop_stone,
          shapermc_ecumenical_altar_mp_urbaneastern
D:3:      layout_rooms, lemuel_doored_altar, serial_shops, nicolae_square_shop,
          uniq_robin
D:4:      layout_rooms, minmay_temple_entry_fiery, lemuel_flame_loot_1,
          uniq_duvessa, uniq_grinder, uniq_blork_the_orc

Skill      XL: |  1  2  3  4  5 |
---------------+----------------+-----
Earth Magic    | 3 4 |  4.7
Stealth        | 2 |  2.0
Conjurations   | 1 2 |  2.3
Dodging        | |  1.7
Spellcasting   | |  2.4
Transmutations | |  0.8

Action                     |  1- 3 |  4- 6 || total
---------------------------+-------+-------++-------
  Melee: Dagger            |     6 |    26 ||    32
         Punch             |     1 |       ||     1
   Cast: Sandblast         |    57 |    38 ||    95
    Use: Potion            |       |     1 ||     1
 Armour: Robe              |     3 |    22 ||    25
  Dodge: Dodged            |    13 |    34 ||    47

Table legend: (Time is in decaauts)
 A = Elapsed time spent in this place.
 B = Non-inter-level travel time spent in this place.
 C = Inter-level travel time spent in this place.
 D = Time resting spent in this place.
 E = Time spent auto-exploring this place.
 F = Levels seen in this place.
 G = Mean time per level.
                   A        B        C        D        E       F      G
               +--------+--------+--------+--------+--------+-----+--------+
         Total |   2850 |   2676 |    174 |    512 |   1705 |   4 |  712.5 |
       Dungeon |   2850 |   2676 |    174 |    512 |   1705 |   4 |  712.5 |
               +--------+--------+--------+--------+--------+-----+--------+

Top non-repeatable levels by time:
     D:1: 1015 daAuts
     D:2: 847 daAuts
     D:3: 757 daAuts
     D:4: 229 daAuts
